 Dungeon Crawl Stone Soup version 0.12.3 (webtiles) character file.

276 Johnny the Chiller (level 5, 0/42 HPs)
             Began as a Draconian Ice Elementalist on Sept 26, 2021.
             Succumbed to a goblin's poison
             ... on Level 2 of the Dungeon.
             The game lasted 00:02:55 (1704 turns).

Johnny the Chiller (Draconian Ice Elementalist)     Turns: 1704, Time: 00:02:55

HP   0/42        AC  6     Str 11      XL: 5   Next: 35%
MP   8/14        EV 12     Int 16      God:
Gold 93          SH  0     Dex 16      Spells:  1 memorised, 15 levels left

Res.Fire  : . . .   See Invis. : .   p - +0,+2 dagger (venom)
Res.Cold  : . . .   Warding    : .   (armour unavailable)
Life Prot.: . . .   Conserve   : .   (no shield)
Res.Poison: .       Res.Corr.  : .   (helmet restricted)
Res.Elec. : .       Clarity    : .   (no cloak)
Sust.Abil.: . .     Spirit.Shd : .   j - +0 pair of elf gauntlets
Res.Mut.  : .       Stasis     : .   (no boots)
Res.Rott. : .       Ctrl.Telep.: .   (no amulet)
Saprovore : . . .   Flight     : +   r - ring of protection from magic {unknown}
                                     f - +5 ring of dexterity

@: flying, mildly poisoned, somewhat resistant to hostile enchantments, fairly
stealthy
A: unfitting armour, AC +5
a: no special abilities


You were on level 2 of the Dungeon.
You were very hungry.

You visited 1 branch of the dungeon, and saw 2 of its levels.

You collected 73 gold pieces.

Inventory:

Hand weapons
 p - a +0,+2 dagger of venom (weapon)
Missiles
 l - a throwing net [frayed] (quivered)
Armour
 j - a +0 pair of elven gauntlets (worn)
Magical devices
 o - a wand of fireball (4) {unknown}
Comestibles
 c - 3 bread rations
 d - 11 grapes
Scrolls
 a - a scroll of enchant weapon II {unknown}
 e - 2 scrolls of noise {unknown}
 h - 2 scrolls of identify {unknown}
Jewellery
 f - a +5 ring of dexterity (left hand)
 r - a ring of protection from magic (right hand) {unknown}
Potions
 k - a potion of invisibility {unknown}
 m - a potion of confusion {unknown}
 n - a potion of paralysis {unknown}
 q - a potion of might {unknown}
Books
 b - a book of Frost

   Spells                             Type                      Level
   *Freeze                            Ice                          1
   Throw Frost                        Conjuration/Ice              2
   Ozocubu's Armour                   Charms/Ice                   3
   Throw Icicle                       Conjuration/Ice              4
   Summon Ice Beast                   Ice/Summoning                4
   Condensation Shield                Ice                          4


   Skills:
 + Level 7.0 Fighting
 - Level 1.7 Dodging
 - Level 1.7 Stealth
 + Level 6.0 Spellcasting
   Level 1.0 Conjurations
 + Level 7.2 Ice Magic


You had 15 spell levels left.
You knew the following spells:

 Your Spells              Type           Power        Failure   Level  Hunger
a - Freeze                Ice            #####        1%          1    None


Dungeon Overview and Level Annotations

Branches:
Dungeon (2/27)

Altars:


Message History

* * * LOW HITPOINT WARNING * * *
You feel sick.
You start resting.
* * * LOW HITPOINT WARNING * * *
You feel sick.
You start resting.
* * * LOW HITPOINT WARNING * * *
You feel sick.
You feel a little better.
Drink which item? (? for menu, Esc to quit)
You feel more experienced!
Your Fighting skill gained 5 levels and is now at level 7!
Your Spellcasting skill gained 4 levels and is now at level 6!
Your Ice Magic skill gained 4 levels and is now at level 7!
It was a potion of experience.
You have reached level 5!
Drink which item? (? for menu, Esc to quit)
You feel very buoyant.
You fly up into the air.
It was a potion of flight.
You die...

# #.#.#######.###
#.#.#.....#...#
#.#.#..#...[..#
#.#.##.########
#.#.#..........
##############.#.#..########
..(............#.#..#
################.#..# #@#..#
############.#..#
b............#..#
##############..########
#.......<.# #.#########
#.........#.# #...........#
#.#<#####.###


There were no monsters in sight!

Vanquished Creatures
  Ijyb (D:2)
  3 adders (D:2)
  A giant mite (D:2)
  6 giant geckos
  5 bats
  2 giant cockroaches
  4 hobgoblins
  2 kobolds
  2 quokkas (D:2)
  5 giant newts
  4 goblins
  4 rats
39 creatures vanquished.

Notes
Turn   | Place    | Note
--------------------------------------------------------------
     0 | D:1      | Johnny, the Draconian Ice Elementalist, began the quest for the Orb.
     0 | D:1      | Reached XP level 1. HP: 14/14 MP: 3/3
   413 | D:1      | Reached XP level 2. HP: 20/20 MP: 2/4
   886 | D:2      | Reached skill level 1 in Fighting
   886 | D:2      | Reached XP level 3. HP: 22/26 MP: 0/6
  1291 | D:2      | Noticed Ijyb
  1465 | D:2      | Killed Ijyb
  1465 | D:2      | Reached XP level 4. HP: 28/34 MP: 1/8
  1702 | D:2      | HP: 1/34 [poisoned by a goblin]
  1703 | D:2      | Reached skill level 7 in Fighting
  1703 | D:2      | Reached XP level 5. HP: 1/42 MP: 8/14
  1704 | D:2      | Succumbed to a goblin's poison

Action                   |  1- 3 |  4- 6 || total
-------------------------+-------+-------++-------
Melee: Unarmed           |    73 |     9 ||    82
       Dagger            |       |    17 ||    17
Throw: Throwing net      |     1 |       ||     1
 Cast: Freeze            |    47 |     2 ||    49
  Use: Potion            |       |     2 ||     2
 Stab: Sleeping          |     5 |     1 ||     6
